 Dungeon Crawl Stone Soup version 0.28-b1-70-g80dc712255 (webtiles) character file.

Game seed: 5159568487513128812

2731 cbfl8 the Cleaver (level 9, -3/70 (71) HPs)
             Began as a Minotaur Delver on Feb 4, 2022.
             Was a Priest of Hepliaklqana.
             Killed by an exploding wyvern (19 damage)
             ... ignited by their inner flame
             ... on level 7 of the Dungeon.
             The game lasted 00:17:15 (8843 turns).

cbfl8 the Cleaver (Minotaur Delver)                 Turns: 8843, Time: 00:17:16

HP:   -3/70 (71)    AC: 14    Str: 25    XL:     9   Next: 40%
MP:   8/8           EV: 10    Int:  9    God:    Hepliaklqana [***...]
Gold: 278           SH:  0    Dex: 12    Spells: 8/8 levels left

rFire   . . .      SeeInvis .   E - +2 mace (pain)
rCold   + . .      Faith    +   (no shield)
rNeg    . . .      Spirit   .   F - +2 chain mail {rF+}
rPois   .          Reflect  .   (helmet restricted)
rElec   .          Harm     .   (no cloak)
rCorr   .          Rampage  .   x - +0 pair of gloves
Will    .....                   (no boots)
Stlth   ..........              A - amulet of faith
HPRegen 0.21/turn               k - +6 ring of strength
MPRegen 0.11/turn               s - ring of ice

@: lightly drained
A: reduced essence, horns 2, retaliatory headbutt
a: Renounce Religion, Recall Ancestor, Ancestor Identity, Transference


You were on level 7 of the Dungeon.
You worshipped Hepliaklqana.
Hepliaklqana was most pleased with you.
You visited 2 branches of the dungeon, and saw 8 of its levels.
You also visited: Sewer.

You collected 278 gold pieces.

Inventory:

Hand Weapons
 a - a +0 hand axe
 D - a +2 whip of venom
 E - a +2 mace of pain (weapon)
Missiles
 C - 6 datura-tipped darts (quivered)
Armour
 b - a +0 leather armour
 q - a +0 chain mail
 x - a +0 pair of gloves (worn)
 F - a +2 chain mail of fire resistance (worn)
Jewellery
 k - a +6 ring of strength (left hand)
 s - a ring of ice (right hand)
 A - an amulet of faith (around neck)
Wands
 g - a wand of digging (3)
Scrolls
 c - 3 scrolls of fog
 d - a scroll of acquirement {unknown}
 e - a scroll of fear
 h - a scroll of immolation
 i - a scroll of torment {unknown}
 l - 3 scrolls of teleportation {unknown}
 m - 3 scrolls of vulnerability {unknown}
 o - 2 scrolls of blinking {unknown}
 p - 3 scrolls of enchant weapon {unknown}
 r - 2 scrolls of holy word {unknown}
 v - a scroll of noise {unknown}
 w - 3 scrolls of identify {unknown}
 y - 2 scrolls of summoning {unknown}
 z - a scroll of amnesia {unknown}
Potions
 f - 2 potions of haste
 j - a potion of might {unknown}
 n - a potion of cancellation {unknown}
 t - 2 potions of degeneration {unknown}
 u - 3 potions of invisibility {unknown}
 B - a potion of curing {unknown}


   Skills:
 + Level 7.5 Fighting
 + Level 9.3(9.7) Axes
 + Level 3.9(7.1) Maces & Flails
 + Level 7.9 Armour
 + Level 4.1 Dodging
 + Level 5.2 Stealth


You had 8 spell levels left.
You didn't know any spells.
Your spell library contained the following spells:

 Spells                   Type           Power      Damage    Failure   Level
 Sandblast                Erth           0%         2d4       92%         1
 Stone Arrow              Conj/Erth      0%         3d7       100%        3
 Airstrike                Air            0%         N/A       100%        4
 Animate Armour           Summ/Erth      0%         N/A       100%        4
 Lehudib's Crystal Spear  Conj/Erth      0%         10d2      100%        8
 Chain Lightning          Conj/Air       0%         N/A       100%        9


Dungeon Overview and Level Annotations

Branches:
Dungeon (7/15)             Temple (1/1) D:5           Sewer (visited)

Altars:
Cheibriados
Dithmenos
Elyvilon
Fedhas
Hepliaklqana
Makhleb
Nemelex Xobeh
Okawaru
Qazlal
Trog
Uskayaw
Vehumet
Wu Jian
Xom
Yredelemnul
The Shining One
Lugonu

Shops:
D:4 [


Innate Abilities, Weirdness & Mutations

Your life essence is reduced to manifest your ancestor. (-10% HP)
You have a pair of horns on your head.
You reflexively headbutt those who attack you in melee.


Message History

The wight hits you but does no damage.
A wight comes into view. It is wielding a +4 falchion.
The wyvern bites you but does no damage.
You hit the wight but do no damage. The wight hits you but does no damage.
The wyvern barely misses you.
Gwyndolin closely misses the wyvern.
You barely miss the wight.
The wyvern bites you but does no damage.
The wight completely misses you. You furiously retaliate!
You headbutt the wight! The wyvern bites you!
Gwyndolin barely misses the wyvern.
Unknown command.
You closely miss the wight. You headbutt the wight.
You destroy the wight!
The wyvern closely misses you. You furiously retaliate!
You headbutt the wyvern.
Gwyndolin barely misses the wyvern.
You barely miss the wyvern. Your headbutt misses the wyvern.
The wyvern is lightly wounded.
The wyvern bites you! x2; Gwyndolin barely misses the wyvern.
As you read the scroll labelled KISKO TUCSIANT, it crumbles to dust.
The creatures around you are filled with an inner flame!
It was a scroll of immolation.
The wyvern barely misses you. You furiously retaliate!
You headbutt the wyvern.
Flame seeps out of the wyvern.
Gwyndolin closely misses the wyvern.
The wight hits you with a +6 dire flail of freezing!
You feel drained.
* * * LOW HITPOINT WARNING * * *
The wight freezes you.
* * * LOW HITPOINT WARNING * * *
As you read the scroll of fear, it crumbles to dust.
You assume a fearsome visage.
The wyvern looks frightened!
The wight is unaffected. x2
The wyvern is engulfed in blazing flames.
Flame seeps out of the wyvern.
The wyvern bites Gwyndolin!
Flame seeps out of Gwyndolin.
The wyvern is engulfed in blazing flames.
Flame seeps out of the wyvern.
Gwyndolin blocks the wyvern's attack.
Gwyndolin hits the wyvern with a +0 flail!
The wyvern explodes!
The fiery explosion engulfs you!!
You die...

#..## .[ [.## ...
##....... ### ...#
#........ #
##.........###........
##...........#.........
#......... #...........
##......... #..........
#.......... #.zz......
#.<........ #§@§......
#.......... #.○§......
........# ##R§......
≈≈≈..#### #.##.....
..≈.## ####.# #....
#.≈.# ####.##.## ##..
..≈.# ##......#.# .
#.≈.# #.........##
#.≈.# ##.........#


You could see the friendly Gwyndolin the knight (inner flame) and 2 wights.

Vanquished Creatures
  Grinder (D:6)
  Sigmund (D:2)
  Eustachio (D:5)
  Menkaure (D:5)
  A black bear (D:6)
  A necrophage (D:4)
  A centaur (D:5)
  3 kobold brigands (Sewer)
  A wight (D:7)
  2 bullfrog zombies
  3 hounds
  An orc priest (D:7)
  A centaur skeleton (D:6)
  3 iguanas
  Terence (D:3)
  A hound skeleton (D:4)
  Robin (D:2)
  A howler monkey zombie (D:5)
  5 gnolls
  12 adders
  5 river rats
  2 ufetubi
  3 worms
  2 dart slugs
  3 orcs
  5 bats
  6 endoplasms
  4 giant cockroaches
  13 goblins
  5 hobgoblins
  7 jackals (D:1)
  2 quokkas
  12 ball pythons
  2 frilled lizards
  3 goblin skeletons (D:6)
  5 kobolds
  A kobold zombie (D:6)
  An orc zombie (D:6)
  4 rats
127 creatures vanquished.

Vanquished Creatures (collateral kills)
  A two-headed ogre (D:6)
  A wyvern (D:7)
  A black bear (D:7)
  A scorpion (D:5)
  A water moccasin skeleton (D:5)
  A howler monkey (D:5)
  An iron imp (D:6)
  A bullfrog skeleton (D:6)
  An iguana (D:5)
  An orc wizard (D:7)
  3 gnolls
  An adder (D:6)
  A worm (D:2)
  2 orcs (D:6)
  A ball python (D:2)
  2 endoplasms
  2 hobgoblin zombies (D:6)
  A kobold skeleton (D:6)
  A kobold zombie (D:6)
  A rat (D:1)
25 creatures vanquished.

Vanquished Creatures (others)
  An ufetubus (D:5)
1 creature vanquished.

Grand Total: 153 creatures vanquished

Notes
Turn   | Place    | Note
-------+----------+-------------------------------------------
     0 | D:5      | cbfl8 the Minotaur Delver began the quest for the Orb.
     0 | D:5      | Reached XP level 1. HP: 19/19 MP: 0/0
    19 | Temple   | Entered the Ecumenical Temple
    67 | Temple   | Became a worshipper of Hepliaklqana the Forgotten
   111 | D:4      | Found an ornate altar of the Wu Jian Council.
   180 | D:4      | Reached XP level 2. HP: 22/27 MP: 1/1
   546 | D:3      | Reached skill level 3 in Axes
   546 | D:3      | Reached XP level 3. HP: 25/33 MP: 2/2
   599 | D:3      | Found a glowing drain.
   603 | Sewer    | Entered a sewer
   851 | Sewer    | Reached XP level 4. HP: 23/40 MP: 3/3
  1106 | Sewer    | Noticed a kobold brigand
  1129 | Sewer    | Killed a kobold brigand
  1130 | Sewer    | Reached skill level 1 in Armour
  1130 | Sewer    | Reached skill level 5 in Stealth
  1130 | Sewer    | Reached XP level 5. HP: 11/47 MP: 4/4
  2041 | Sewer    | Reached skill level 4 in Axes
  2245 | Sewer    | Reached skill level 5 in Fighting
  2245 | Sewer    | Reached XP level 6. HP: 34/56 MP: 5/5
  2738 | D:2      | Noticed Robin
  2739 | D:2      | Noticed Sigmund
  2770 | D:3      | Found a faded altar of an unknown god.
  2883 | D:3      | Noticed Terence
  2974 | D:2      | Killed Robin
  3022 | D:2      | Killed Sigmund
  3023 | D:2      | Reached skill level 5 in Axes
  3023 | D:2      | Reached XP level 7. HP: 28/61 MP: 6/6
  3581 | D:1      | Reached * piety under Hepliaklqana
  4909 | D:3      | Found an iron altar of Okawaru.
  4909 | D:3      | Found a bloodstained altar of Trog.
  5101 | D:3      | Killed Terence
  5203 | D:4      | Found a shimmering altar of Xom.
  5248 | D:4      | Found Jueblare's Armour Shoppe.
  5554 | D:4      | Reached skill level 6 in Axes
  5996 | D:4      | Found a basalt altar of Yredelemnul.
  6079 | D:5      | Reached skill level 5 in Armour
  6089 | D:5      | Reached ** piety under Hepliaklqana
  6288 | D:5      | Found a shadowy altar of Dithmenos.
  6319 | D:5      | Noticed Menkaure
  6323 | D:5      | Killed Menkaure
  6324 | D:5      | Reached skill level 7 in Axes
  6324 | D:5      | Reached XP level 8. HP: 63/63 MP: 7/7
  6346 | D:5      | Remembered your ancestor Gwyndolin as a knight
  6673 | D:5      | Noticed Eustachio
  6730 | D:5      | Killed Eustachio
  7198 | D:6      | Reached skill level 8 in Axes
  7237 | D:6      | Got the Collected Works on the Ashen Birds
  7517 | D:6      | Noticed Grinder
  7525 | D:6      | Killed Grinder
  7526 | D:6      | Reached skill level 1 in Maces & Flails
  7637 | D:6      | Found a glowing golden altar of the Shining One.
  7672 | D:6      | Reached skill level 9 in Axes
  7798 | D:6      | Reached XP level 9. HP: 71/71 MP: 8/8
  7815 | D:6      | Noticed a two-headed ogre
  7821 | D:6      | Killed a two-headed ogre
  8602 | D:7      | Reached *** piety under Hepliaklqana
  8744 | D:7      | Found a sparkling altar of Nemelex Xobeh.
  8843 | D:7      | Killed by an exploding wyvern... ignited by their inner
                  | flame

Illustrated notes

Levels and vault maps discovered:
D:1:      dpeg_arrival_arbitrary_c, layout_basic
D:2:      wander_river, layout_rooms, uniq_robin, uniq_sigmund
D:3:      layout_rooms, grunt_temple_overflow_bloody_war,
          ebering_ecumenical_altar_sacrificial, gup_sewer_entry_spiral,
          grunt_decor_resistance, uniq_terence
D:4:      layout_loops_ring, kennysheep_mini, brannock_xom_greatest_gift,
          old_standard_altar, serial_shops, nicolae_shop_hallway_stairs,
          skrybe_limestone_x, chequers_serial_rivers_micro_b
D:5:      layout_loops_ring, marbit_many_paths,
          minmay_temple_entry_purple_smoke, uniq_eustachio, uniq_menkaure
D:6:      layout_basic, nicolae_tso_besieged_by_evil, uniq_grinder
D:7:      layout_cave_pods, mainiacjoe_overflow_brackets,
          nicolae_ru_awakened_eye, mainiacjoe_overflow_six_doors_small,
          uniq_maggie
Temple:   corrupted_temple

Skill      XL: |  1  2  3  4  5  6  7  8  9 |
---------------+----------------------------+-----
Axes           | 3 4 5 7 9 |  9.3
Fighting       | 4 5 6 7 |  7.5
Armour         | 1 3 5 7 |  7.9
Stealth        | 5 |  5.2
Dodging        | 3 4 |  4.1
Maces & Flails | 1 3 |  3.9

Action                   |  1- 3 |  4- 6 |  7- 9 || total
-------------------------+-------+-------+-------++-------
Melee: Hand axe          |    35 |   116 |   187 ||   338
       Headbutt          |     5 |    12 |    38 ||    55
       Punch             |     1 |     3 |     2 ||     6
       Mace              |       |       |    38 ||    38
       Whip              |       |       |     9 ||     9
Invok: Ancestor Identity |       |       |     2 ||     2
       Recall Ancestor   |       |       |     1 ||     1
       Ancestor Life: Kn |       |       |     1 ||     1
  Use: Scroll            |     1 |       |     2 ||     3
       Potion            |       |     1 |       ||     1
 Stab: Sleeping          |     1 |     1 |       ||     2
Armor: Leather armour    |     5 |    27 |       ||    32
       Chain mail        |       |    20 |   148 ||   168
Dodge: Dodged            |    19 |    87 |   146 ||   252
